General information
- name: BNet
- type: Ladder 1vs1/FFA
- host: Battle.net
- saver: Ghocher
map: TirisfalGlades
- players: 2
- length: 20:56
- speed: Fast
- version: 1.23 W3XP
- replay type: Public
» download(56 KB)
Players
team 1 (loser)
SmokeyBluntz (
teal | 38 APM | 802 actions | 20:55)
4 Mountain King
2 Storm Bolt
2 Bash
1 Paladin
1 Holy Light
» actions
| Assign group hotkey | 7 | |
| Basic commands | 4 | |
| Build / train | 67 | |
| Enter build submenu | 30 | |
| Enter hero's abilities submenu | 5 | |
| Remove unit from queue | 4 | |
| Right click | 312 | |
| Select / deselect | 281 | |
| Select group hotkey | 37 | |
| Use ability | 55 | |
802 total
» units
| Peasant | 11 | |
| Footman | 11 | |
| Rifleman | 8 | |
| Priest | 5 | |
| Sorceress | 5 | |
40 total
» upgrades
| Sorceress Training | 2 | |
| Priest Training | 2 | |
| Swords | 1 | |
| Plating | 1 | |
| Gunpowder | 1 | |
| Masonry | 1 | |
| Long Rifles | 1 | |
9 total
» buildings
| Altar of Kings | 1 | |
| Barracks | 1 | |
| Farm | 10 | |
| Keep | 1 | |
| Blacksmith | 1 | |
| Lumber Mill | 1 | |
| Arcane Sanctum | 2 | |
| Scout Tower | 6 | |
| Guard Tower | 5 | |
| Castle | 1 | |
| Arcane Vault | 1 | |
| Gryphon Aviary | 2 | |
32 total
» build order
00:12 Altar of Kings
00:27 Barracks
00:40 Farm
01:00 Farm
01:55 Farm
02:37 Farm
03:06 Keep
03:57 Farm
04:41 Blacksmith
05:54 Lumber Mill
06:00 Arcane Sanctum
06:04 Arcane Sanctum
06:13 Farm
09:14 Scout Tower
09:38 Farm
10:14 Guard Tower
12:30 Castle
12:50 Arcane Vault
14:38 Scout Tower
14:49 Scout Tower
14:53 Scout Tower
15:13 Guard Tower
15:42 Scout Tower
15:47 Scout Tower
15:49 Guard Tower
15:51 Guard Tower
16:21 Guard Tower
16:45 Farm
17:29 Farm
17:53 Gryphon Aviary
17:58 Gryphon Aviary
18:14 Farm
team 2 (winner)
Ghocher (
red | 63 APM | 1318 actions | 20:56)
4 Far Seer
2 Feral Spirit
2 Chain Lighting
3 Pandaren Brewmaster
2 Breath of Fire
1 Drunken Haze
» actions
| Assign group hotkey | 39 | |
| Basic commands | 91 | |
| Build / train | 55 | |
| ESC pressed | 3 | |
| Enter build submenu | 15 | |
| Enter hero's abilities submenu | 7 | |
| Right click | 375 | |
| Select / deselect | 281 | |
| Select group hotkey | 386 | |
| Use ability | 66 | |
1318 total
» units
| Peon | 7 | |
| Grunt | 7 | |
| Wind Rider | 5 | |
| Troll Headhunter/Berserker | 3 | |
| Troll Witch Doctor | 2 | |
| Tauren | 5 | |
| Shaman | 3 | |
| Demolisher | 1 | |
33 total
» upgrades
| Berserker Strength | 1 | |
| Witch Doctor Training | 2 | |
| Shaman Training | 3 | |
| Envenomed Spears | 1 | |
| Pulverize | 1 | |
| Armor | 1 | |
9 total
» buildings
| Altar of Storms | 1 | |
| Orc Burrow | 7 | |
| Barracks | 1 | |
| Stronghold | 1 | |
| War Mill | 1 | |
| Voodoo Lounge | 1 | |
| Beastiary | 1 | |
| Spirit Lodge | 1 | |
| Fortress | 1 | |
| Tauren Totem | 1 | |
16 total
» build order
00:03 Altar of Storms
00:04 Orc Burrow
00:32 Barracks
01:33 Orc Burrow
03:06 Stronghold
03:52 War Mill
04:35 Voodoo Lounge
04:40 Orc Burrow
05:39 Beastiary
09:15 Spirit Lodge
09:18 Fortress
09:20 Orc Burrow
12:31 Tauren Totem
15:02 Orc Burrow
17:07 Orc Burrow
19:36 Orc Burrow
» items
Chat log
(20:52 / All) SmokeyBluntz: YOU'RE AN ANNOYING ASS PLAYER